 Dungeon Crawl Stone Soup version 0.30.1-4-g462c640d31 (webtiles) character file.

Game seed: 2757329103377092041

7 booth the Trooper (level 2, -3/19 HPs)
             Began as a Gargoyle Monk on Aug 25, 2023.
             Frozen to death by an endoplasm (5 damage)
             ... on level 1 of the Dungeon.
             The game lasted 00:00:37 (133 turns).

booth the Trooper (Gargoyle Monk)                    Turns: 133, Time: 00:00:38

Health: -3/19      AC:  4    Str: 14    XL:     2   Next: 0%
Magic:  2/2        EV: 12    Int: 10    God:
Gold:   26         SH:  0    Dex: 12    Spells: 1/1 levels left

rFire   . . .        a - +0 mace
rCold   . . .        d - orb {light}
rNeg    + . .        b - +0 robe
rPois   ∞            (no helmet)
rElec   +            (no cloak)
rCorr   .            (no gloves)
SInv    .            (no boots)
Will    .....        (no amulet)
Stlth   +            (no ring)
HPRegen 0.23/turn    (no ring)
MPRegen 0.08/turn

%: no passive effects
@: glowing
A: sickness immunity, AC +2, negative energy resistance 1, electricity
resistance, torment resistance 1, petrification resistance
a: no special abilities


You were on level 1 of the Dungeon.
You visited 1 branch of the dungeon, and saw 1 of its levels.

You collected 26 gold pieces.

Inventory:

Hand Weapons
 a - a +0 mace (weapon)
Missiles
 f - 6 poisoned darts (quivered)
Armour
 b - a +0 robe (worn)
 d - an orb of light (worn)
Scrolls
 e - a scroll of torment {unknown}
Potions
 c - a potion of ambrosia
 g - a potion of berserk rage {unknown}


   Skills:
 + Level 3.4 Fighting
 + Level 3.1 Maces & Flails
 + Level 2.5 Dodging


You had one spell level left.
You didn't know any spells.
Your spell library was empty.

Dungeon Overview and Level Annotations

Branches:
Dungeon (1/15)

Altars:


Innate Abilities, Weirdness & Mutations

You are immune to sickness and miasma.
Your stone body is resilient. (AC +2)
You are immune to poison.
You resist negative energy. (rN+)
You are resistant to electric shocks. (rElec)
You are resistant to unholy torment.
You are immune to petrification.


Message History

You hit the giant cockroach.
The giant cockroach is severely wounded.
The giant cockroach closely misses you. The hobgoblin closely misses you.
The endoplasm closely misses you.
You hit the giant cockroach but do no damage.
The giant cockroach is severely wounded.
The giant cockroach barely misses you.
The hobgoblin hits you but does no damage.
The endoplasm hits you but does no damage.
The giant cockroach bites you but does no damage.
The hobgoblin hits you. The endoplasm freezes you.
You are frozen.
You hit the giant cockroach.
You kill the giant cockroach!
The bat hits you but does no damage. The endoplasm closely misses you.
The hobgoblin barely misses you.
You have reached level 2!
The bat hits you but does no damage. x2; The endoplasm closely misses you.
The hobgoblin hits you.
You see here a hobgoblin corpse.
You hit the hobgoblin.
The hobgoblin is heavily wounded.
The bat hits you but does no damage. x2; The endoplasm completely misses you.
The hobgoblin misses you.
You hit the hobgoblin.
The hobgoblin is almost dead.
The bat hits you but does no damage. The bat hits you.
The hobgoblin misses you. The endoplasm barely misses you.
The bat hits you but does no damage.
You barely miss the hobgoblin.
The hobgoblin is almost dead.
The bat hits you but does no damage. The hobgoblin barely misses you.
The endoplasm freezes you.
You are frozen.
* * * LOW HITPOINT WARNING * * *
The hobgoblin closely misses you. The endoplasm freezes you.
You are frozen.
You die...

...######## #.
...#......###########.
..........'...........
####......############
#......# #......#
#......# #.?....#
#g@J..#.# ## ##
#.b.###..# #.. #..
#..!# ..# ..##.. ##...
). #.. # #..## .#
#..## #... #<. #...
#.. ###.. #..## #.. #


You could see an endoplasm, a hobgoblin and a bat.

Vanquished Creatures
  A giant cockroach (D:1)
  A hobgoblin (D:1)
  A kobold (D:1)
  2 bats (D:1)
  A rat (D:1)
6 creatures vanquished.

Notes
Turn   | Place    | Note
-------+----------+-------------------------------------------
     0 | D:1      | booth the Gargoyle Monk began the quest for the Orb.
     0 | D:1      | Reached XP level 1. HP: 14/14 MP: 1/1
   130 | D:1      | Reached XP level 2. HP: 11/19 MP: 2/2
   133 | D:1      | Frozen to death by an endoplasm

Illustrated notes

Levels and vault maps discovered:
D:1:      lightli_iron_boxes, layout_basic, minmay_misc_feat_nine_boxes,
          minmay_pentomino_z4

Action                     || total
---------------------------++-------
  Melee: Mace              ||    20
 Armour: Robe              ||    22
  Dodge: Dodged            ||    28
